 Dungeon Crawl Stone Soup version 0.27-a0-684-g359e429f13 (webtiles) character file.

Game seed: 8831161707640387794

69 Aggronaut the Cudgeller (level 4, -3/52 HPs)
             Began as a Demonspawn Berserker on Mar 20, 2021.
             Was a Believer of Trog.
             Slain by a gnoll
             ... wielding a +0 spear
              (6 damage)
             ... on level 2 of the Dungeon.
             The game lasted 00:02:26 (1799 turns).

Aggronaut the Cudgeller (Demonspawn Berserker)      Turns: 1799, Time: 00:02:26

Health: -3/52      AC:  2    Str: 19    XL:     4   Next: 2%
Magic:  4/4        EV: 16    Int:  8    God:    Trog [**....]
Gold:   72         SH:  0    Dex: 12    Spells: 3/3 levels left

rFire    . . .     SeeInvis .   a - +0 mace
rCold    . . .     Faith    .   (no shield)
rNeg     . . .     Spirit   .   b - +0 animal skin
rPois    .         Reflect  .   (no helmet)
rElec    .         Harm     .   (no cloak)
rCorr    .         Rampage  .   (no gloves)
Will     .....                  (no boots)
Stlth    ..........             (no amulet)
HPRegen  0.17/turn              f - +4 ring of evasion
MPRegen  0.09/turn              (no ring)

@: mighty, berserking (expiring), very quick
A: hooves 1, powered by pain 2
a: Renounce Religion, Berserk, Trog's Hand


You were on level 2 of the Dungeon.
You worshipped Trog.
Trog was pleased with you.
You visited 1 branch of the dungeon, and saw 2 of its levels.

You collected 72 gold pieces.

Inventory:

Hand Weapons
 a - a +0 mace (weapon)
Armour
 b - a +0 animal skin (worn)
Jewellery
 f - a +4 ring of evasion (right hand)
Scrolls
 c - a scroll of teleportation {unknown}
 d - a scroll of fog {unknown}
 e - a scroll of immolation {unknown}
 h - a scroll of enchant weapon {unknown}
Potions
 g - a potion of resistance {unknown}


   Skills:
 - Level 3.0 Fighting
 + Level 4.4 Maces & Flails
 - Level 1.7 Armour
 - Level 1.7 Dodging


You had 3 spell levels left.
You didn't know any spells.
Your spell library was empty.

Dungeon Overview and Level Annotations

Branches:
Dungeon (2/15)

Altars:


Innate Abilities, Weirdness & Mutations

You have large cloven feet.
You sometimes gain power by taking damage.


Message History

There is an escape hatch in the ceiling here.
A gnoll comes into view. It is wielding a +0 halberd.
The gnoll shouts!
You hear a shout! x2
A gnoll comes into view. It is wielding a +0 whip.
A gnoll comes into view. It is wielding a +0 spear.
The gnoll hits you from afar with a +0 halberd!
You focus on the pain.
You feel very mighty all of a sudden. The gnoll misses you.
A red film seems to cover your vision as you go berserk!
You feel yourself moving faster!
You feel mighty! The gnoll barely misses you.
You feel a strong urge to attack something.
You closely miss the gnoll. Your kick misses the gnoll.
The gnoll barely misses you.
You sock the gnoll!
The gnoll is severely wounded.
The gnoll hits you with a +0 halberd.
The gnoll hits you from afar with a +0 spear!
* * * LOW HITPOINT WARNING * * *
You focus on the pain.
You feel mightier all of a sudden.
You hit the gnoll.
You kill the gnoll!
Trog accepts your kill. The gnoll barely misses you.
You have reached level 4!
You feel stronger.
Your demonic ancestry asserts itself...
You feel even more energised by your suffering.
You barely miss the gnoll. Your kick misses the gnoll.
The gnoll barely misses you.
You hit the gnoll.
The gnoll is heavily wounded.
The gnoll hits you from afar with a +0 spear!
* * * LOW HITPOINT WARNING * * *
The gnoll closely misses you.
You sock the gnoll!
You kill the gnoll!
Trog accepts your kill.
The gnoll hits you from afar with a +0 spear.
You die...

.##.##).##..#########
........##..#
.##.##.###<.#
#.........#
#<........#
####.###### #.#
#.#################
#.##.......@).....#
##.##.####.###g###.#
#.###...#.# #.# #.#
#.........# #.# #g#
#####...### #.# .g#
##.## #.# .## #.# #.#
g #.# #...g #'# ###


You could see a gnoll.

Vanquished Creatures
  2 gnolls (D:2)
  An adder (D:2)
  5 dart slugs (D:1)
  A leopard gecko (D:1)
  3 bats (D:1)
  3 giant cockroaches (D:1)
  6 goblins
  6 hobgoblins
  A kobold (D:2)
  5 frilled lizards
  7 rats
40 creatures vanquished.

Notes
Turn   | Place    | Note
-------+----------+-------------------------------------------
     0 | D:1      | Aggronaut the Demonspawn Berserker began the quest for the
                  | Orb.
     0 | D:1      | Reached XP level 1. HP: 18/18 MP: 1/1
   267 | D:1      | Reached skill level 3 in Maces & Flails
   482 | D:1      | Gained mutation: You sometimes gain a little power by
                  | taking damage. [demonic ancestry]
   482 | D:1      | Reached XP level 2. HP: 24/24 MP: 2/2
  1021 | D:1      | Gained mutation: You have large cloven feet. [demonic
                  | ancestry]
  1021 | D:1      | Reached XP level 3. HP: 23/29 MP: 3/3
  1274 | D:1      | Reached skill level 4 in Maces & Flails
  1469 | D:2      | Reached ** piety under Trog
  1797 | D:2      | Gained mutation: You sometimes gain power by taking damage.
                  | [demonic ancestry]
  1797 | D:2      | Reached XP level 4. HP: 9/35 MP: 4/4
  1799 | D:2      | Slain by a gnoll

Illustrated notes

Levels and vault maps discovered:
D:1:      minmay_arrival_radiant_lines, layout_loops_ring,
          minmay_misc_feat_columns
D:2:      layout_loops_corners

Skill      XL: |  1  2  3 |
---------------+----------+-----
Maces & Flails | 3 4 |  4.4
Fighting       | |  3.0
Armour         | |  1.7
Dodging        | |  1.7

Action                   |  1- 3 |  4- 6 || total
-------------------------+-------+-------++-------
Melee: Mace              |   108 |     3 ||   111
       Kick              |    10 |       ||    10
Invok: Berserk           |     3 |       ||     3
 Stab: Sleeping          |     3 |       ||     3
Armor: Animal skin       |    23 |       ||    23
Dodge: Dodged            |    79 |     2 ||    81

Table legend: (Time is in decaauts)
 A = Elapsed time spent in this place.
 B = Non-inter-level travel time spent in this place.
 C = Inter-level travel time spent in this place.
 D = Time resting spent in this place.
 E = Time spent auto-exploring this place.
 F = Levels seen in this place.
 G = Mean time per level.
                   A        B        C        D        E       F      G
               +--------+--------+--------+--------+--------+-----+--------+
         Total |   1844 |   1820 |     24 |    894 |    624 |   2 |  922.0 |
       Dungeon |   1844 |   1820 |     24 |    894 |    624 |   2 |  922.0 |
               +--------+--------+--------+--------+--------+-----+--------+

Top non-repeatable levels by time:
     D:1: 1489 daAuts
     D:2: 354 daAuts
